 Dungeon Crawl Stone Soup version 0.30.0-19-g36f170ea60 (webtiles) character file.

Game seed: 3323483559693879673

56 safid the Chiller (level 3, -1/27 HPs)
             Began as a Merfolk Ice Elementalist on May 26, 2023.
             Slain by Menkaure (4 damage)
             ... on level 5 of the Dungeon.
             The game lasted 00:03:04 (2991 turns).

safid the Chiller (Merfolk Ice Elementalist)        Turns: 2991, Time: 00:03:05

Health: -1/27      AC:  5    Str:  8    XL:     3   Next: 95%
Magic:  0/7        EV: 12    Int: 16    God:
Gold:   135        SH:  0    Dex: 14    Spells: 0/7 levels left

rFire   . . .        d - +0 dagger
rCold   . . .        (no shield)
rNeg    . . .        a - +0 robe
rPois   .            (no helmet)
rElec   .            (no cloak)
rCorr   .            (no gloves)
SInv    .            p - +2 pair of boots
Will    .....        f - amulet of guardian spirit
Stlth   ++           (no ring)
HPRegen 0.24/turn    (no ring)
MPRegen 0.10/turn

%: guardian spirit
@: no status effects
A: (nimble swimmer 2), mertail
a: no special abilities


You were on level 5 of the Dungeon.
You visited 1 branch of the dungeon, and saw 5 of its levels.

You collected 135 gold pieces.

Inventory:

Hand Weapons
 d - a +0 dagger (weapon)
Armour
 a - a +0 robe (worn)
 p - a +2 pair of boots (worn)
Jewellery
 f - an amulet of guardian spirit (around neck)
 m - a ring of fire
Scrolls
 e - 3 scrolls of identify {unknown}
 g - 4 scrolls of teleportation {unknown}
 l - a scroll of blinking {unknown}
 q - a scroll of enchant weapon {unknown}
 r - 2 scrolls of silence {unknown}
 s - a scroll of enchant armour {unknown}
 t - a scroll of fear {unknown}
 u - a scroll of vulnerability {unknown}
Potions
 b - a potion of magic
 c - a potion of brilliance {unknown}
 h - a potion of heal wounds {unknown}
 i - a potion of invisibility {unknown}
 j - a potion of mutation {unknown}
 k - a potion of might {unknown}
 n - 2 potions of berserk rage {unknown}
 o - 2 potions of curing {unknown}


   Skills:
 + Level 2.0 Fighting
 - Level 2.6 Dodging
 - Level 2.1 Stealth
 + Level 2.7 Spellcasting
 + Level 5.0 Ice Magic


You couldn't memorise any spells.
You knew the following spells:

 Your Spells              Type           Power      Damage    Failure   Level
a - Freeze                Ice            72%        1d8       2%          1
b - Frozen Ramparts       Ice            36%        1d6       8%          3
c - Ozocubu's Armour      Ice            18%        N/A       8%          3

Your spell library contained the following spells:

 Spells                   Type           Power      Damage    Failure   Level
 Sting                    Tmut/Pois      8%         1d3       19%         1
 Hailstorm                Conj/Ice       10%        3d5       21%         3
 Poisonous Vapours        Pois/Air       4%         N/A       28%         2
 Ice Form                 Ice/Tmut       10%        N/A       56%         4
 Summon Ice Beast         Ice/Summ       10%        N/A       56%         4
 Olgreb's Toxic Radiance  Pois           2%         N/A       88%         4
 Simulacrum               Ice/Necr       5%         N/A       100%        6


Dungeon Overview and Level Annotations

Branches:
Dungeon (5/15)
 Temple: D:4-7

Altars:
Makhleb

Annotations:
D:5 Menkaure


Innate Abilities, Weirdness & Mutations

((You are very nimble when in or above water. (Stealth+, EV+, Speed+++)))
Your lower body shifts to a powerful aquatic tail in water.


Message History

Press: ? - help, Shift-Dir - straight line, f/p - Menkaure
Aim: Menkaure (lightly damaged)
You freeze Menkaure.
Menkaure resists.
Menkaure is moderately damaged.
Menkaure hits you!
* * * LOW HITPOINT WARNING * * *
Casting: Freeze (safe; 2% risk of failure)
Confirm with . or Enter, or press ? or * to list all spells.
You don't have enough magic to cast this spell.
Unknown command.
You barely miss Menkaure.
Menkaure is moderately damaged.
An adder comes into view.
Menkaure barely misses you.
You closely miss Menkaure.
Menkaure is moderately damaged.
An orc comes into view. It is wielding a +0 falchion.
Menkaure closely misses you.
You hit Menkaure but do no damage.
Menkaure is moderately damaged.
You barely miss Menkaure. You punch Menkaure, but do no damage.
Menkaure is moderately damaged.
Menkaure misses you.
You barely miss Menkaure.
Menkaure is moderately damaged.
The adder barely misses you. Menkaure hits you.
* * * LOW HITPOINT WARNING * * *
The orc barely misses you.
Unknown command.
You hit Menkaure but do no damage.
Menkaure is moderately damaged.
The adder barely misses you.
Menkaure casts a spell.
Menkaure seems to speed up.
The orc hits you but does no damage.
You hit Menkaure.
Menkaure is moderately damaged.
The adder misses you.
Menkaure mumbles drily.
Menkaure hits you.
You die...

.# # ...##.
......#####
#......#
#.o@..#
#..MS!>.....
##.....#####
.......#
......###
#.......#
#........
#.......#


You could see Menkaure (fast), an adder and an orc.

Vanquished Creatures
  An adder (D:2)
  A dart slug (D:2)
  An orc (D:3)
  4 ball pythons
  5 endoplasms
  4 goblins
  8 hobgoblins
  6 jackals
  4 bats
  A frilled lizard (D:1)
  3 kobolds
38 creatures vanquished.

Notes
Turn   | Place    | Note
-------+----------+-------------------------------------------
     0 | D:1      | safid the Merfolk Ice Elementalist began the quest for the
                  | Orb.
     0 | D:1      | Reached XP level 1. HP: 13/13 MP: 3/3
   347 | D:1      | Reached XP level 2. HP: 20/20 MP: 3/5
   618 | D:1      | Reached skill level 1 in Fighting
  1250 | D:2      | Reached XP level 3. HP: 18/26 MP: 1/6
  1595 | D:2      | Found a faded altar of an unknown god.
  2181 | D:3      | Found a burning altar of Makhleb.
  2862 | D:4      | Learned a level 3 spell: Frozen Ramparts
  2866 | D:4      | Learned a level 3 spell: Ozocubu's Armour
  2885 | D:4      | Reached skill level 5 in Ice Magic
  2972 | D:4      | Noticed a wight
  2972 | D:4      | Noticed a wight
  2981 | D:5      | Entered Level 5 of the Dungeon
  2981 | D:5      | Noticed Menkaure
  2991 | D:5      | Slain by Menkaure

Illustrated notes

Levels and vault maps discovered:
D:1:      nzn_arrival_settlement, layout_basic, interstate_on_off,
          corner_web_ring
D:2:      layout_rooms, serial_aquarium, aquarium_bridge_straight
          [aquarium_subvault_bridge, aquarium_subvault_wall,
          aquarium_subvault_bridge, aquarium_subvault_wall], aquarium_window_2,
          aquarium_window_1, aquarium_window_corner, aquarium_window_2,
          aquarium_view_2c, aquarium_view_2c, aquarium_balcony_double_1,
          basic_ecumenical_altar
D:3:      layout_basic, old_standard_altar
D:4:      layout_gridville, mainiacjoe_overflow_two_lobes,
          okawaru_altar_gauntlet_db, dreamdust_princess_corridor
D:5:      layout_loops_ring, general_overflow_altar,
          mainiacjoe_overflow_concentric_impassable, minmay_temple_entry_hall,
          nicolae_ossuary_entry_giza, uniq_eustachio, uniq_menkaure

Skill      XL: |  1  2  3 |
---------------+----------+-----
Fighting       | 1 2 |  2.0
Ice Magic      | 5 |  5.0
Dodging        | |  2.6
Stealth        | |  2.1
Spellcasting   | |  2.7

Action                     || total
---------------------------++-------
  Melee: Dagger            ||    96
         Unarmed           ||     2
         Punch             ||     2
   Cast: Freeze            ||    37
   Stab: Sleeping          ||     6
 Armour: Robe              ||    46
  Dodge: Dodged            ||    76
